 Dungeon Sprint DCSS version 0.28-a0-79-g444c7a33f5 (webtiles) character file.

Game seed: 965825493387807111

166 Zeldest the Martial Artist (level 5, -1/26 HPs)
             Began as a Vine Stalker Transmuter on Aug 2, 2021.
             Was an Initiate of Cheibriados.
             Slain by an orc warrior (12 damage)
             ... in the Dungeon (Sprint IX: "|||||||||||||||||||||||||||||").
             The game lasted 00:01:00 (110 turns).

Zeldest the Martial Artist (Vine Stalker Transmuter) Turns: 110, Time: 00:01:02

Health: -1/26      AC: 12    Str: 15    XL:     5   Next: 47%
Magic:  0/9        EV:  7    Int: 17    God:    Cheibriados [......]
Gold:   0          SH:  0    Dex: 15    Spells: 7/8 levels left

rFire   . . .      SeeInvis .     - Unarmed
rCold   . . .      Faith    .   (no shield)
rNeg    . . .      Spirit   +   i - +1 chain mail
rPois   .          Reflect  .   h - +0 helmet
rElec   .          Harm     .   (no cloak)
rCorr   .          Rampage  .   (no gloves)
Will    .....      NoTele   +   (no boots)
Stlth   ..........              (no amulet)
HPRegen 1.08/turn               j - +2 ring of protection
MPRegen 0.11/turn               k - +3 ring of intelligence

@: very slow
A: fangs 2, regeneration 1, magic shield, antimagic bite, no potion heal 2
a: Renounce Religion, Bend Time


You were in the Dungeon.
You worshipped Cheibriados.
Cheibriados was noncommittal.
You visited 1 branch

Inventory:

Armour
 a - a +0 robe
 h - a +0 helmet (worn)
 i - a +1 chain mail (worn)
Jewellery
 j - a +2 ring of protection (left hand)
 k - a +3 ring of intelligence (right hand)
Wands
 g - a wand of iceblast (8)
Scrolls
 e - 2 scrolls of amnesia
 f - 2 scrolls of blinking
Potions
 b - 5 potions of curing
 c - a potion of invisibility
 d - 4 potions of magic


   Skills:
 + Level 1.7 Fighting
 + Level 1.2 Armour
 + Level 2.1 Dodging
 + Level 10.2 Unarmed Combat
 - Level 2.1 Spellcasting
 + Level 2.6 Transmutations
 + Level 1.8 Invocations


You had 7 spell levels left.
You knew the following spells:

 Your Spells              Type           Power      Damage    Failure   Level
a - Beastly Appendage     Tmut           20%        N/A       83%         1

Your spell library contained the following spells:

 Spells                   Type           Power      Damage    Failure   Level
 Wereblood                Tmut           10%        N/A       92%         2
 Spider Form              Tmut/Pois      3%         N/A       100%        3
 Ice Form                 Ice/Tmut       6%         N/A       100%        4


Dungeon Overview and Level Annotations

Branches:
Dungeon (1/1)

Altars:
Cheibriados
Dithmenos
Elyvilon
Fedhas
Gozag
Hepliaklqana
Kikubaaqudgha
Makhleb
Nemelex Xobeh
Okawaru
Qazlal
Ru
Sif Muna
Trog
Uskayaw
Vehumet
Wu Jian
Xom
Yredelemnul
Zin
The Shining One
Beogh
Jiyva
Lugonu


Innate Abilities, Weirdness & Mutations

You have extremely sharp teeth.
Your natural rate of healing is unusually fast.
When hurt, damage is shared between your health and your magic reserves.
Your bite disrupts and absorbs the magic of your enemies.
Potions cannot restore your health.


Message History

Okay, then.
Okay, then.
You open the door.
A killer bee, an orc warrior, 2 centaurs, a wight and a zombie come into view.
The killer bee buzzes angrily.
The orc warrior shouts!
The centaur shouts!
The bat zombie hits you but does no damage.
You hit the killer bee. Your bite misses the killer bee.
The killer bee is lightly wounded.
The killer bee closely misses you.
You closely miss the killer bee. You bite the killer bee. You drain its power.
The killer bee is moderately wounded.
The killer bee stings you but does no damage.
You punch the killer bee!
The killer bee is almost dead.
The killer bee stings you! The killer bee barely misses you.
You hit the killer bee.
You kill the killer bee!
Cheibriados thoroughly appreciates the change of pace.
The orc warrior hits you from afar with a +0 glaive.
Your Fighting skill increases to level 1!
Your Armour skill increases to level 1!
Your Dodging skill increases to level 2!
Your Invocations skill increases to level 1!
Aiming: Iceblast
Press: ? - help, Shift-Dir - straight line, f - orc warrior
Aim: an orc warrior, wielding a +0 glaive and wearing a +0 plate armour The mass of ice explodes!
The iceblast engulfs the orc warrior!
The orc warrior is moderately wounded.
The iceblast engulfs the centaur.
The centaur is moderately wounded.
The orc warrior hits you from afar with a +0 glaive!
Aiming: Iceblast
Press: ? - help, Shift-Dir - straight line, f/p - orc warrior
Aim: an orc warrior, wielding a +0 glaive and wearing a +0 plate armour (moderately wounded)
The mass of ice explodes!
The iceblast engulfs the orc warrior.
The orc warrior is heavily wounded.
The iceblast engulfs the centaur!
The centaur is almost dead.
The orc warrior hits you from afar with a +0 glaive!
You die... ▓▓▓▓▓▓▓▓▓▓▓▓▓▓▓▓▓▓▓▓▓▓▓▓ _______'!.)..[..@†occZz. ▓▓▓▓▓▓▓▓▓▓▓▓▓▓▓▓▓▓▓▓▓▓▓▓

You could see an orc warrior, 2 centaurs, a wight and a bat zombie.

Vanquished Creatures
  A scorpion (D)
  A killer bee (D)
  2 hounds (D)
  An orc (D)
  A goblin (D)
  A quokka (D)
  A ball python zombie (D)
  A bat (D)
  A kobold (D)
  A rat (D)
11 creatures vanquished.

Notes
Turn   | Place    | Note
-------+----------+-------------------------------------------
     0 | D        | Zeldest the Vine Stalker Transmuter began the quest for the
                  | Orb.
     0 | D        | Reached XP level 1. HP: 9/9 MP: 4/4
    14 | D        | Reached skill level 4 in Unarmed Combat
    23 | D        | Noticed a hound
    23 | D        | Noticed a hound
    23 | D        | Noticed a scorpion
    28 | D        | Killed a hound
    29 | D        | Reached skill level 7 in Unarmed Combat
    29 | D        | Reached XP level 2. HP: 4/14 MP: 3/6
    29 | D        | Reached XP level 3. HP: 5/17 MP: 3/7
    32 | D        | Reached skill level 8 in Unarmed Combat
    32 | D        | Gained mutation: Your natural rate of healing is unusually
                  | fast. [Vine Stalker growth]
    32 | D        | Reached XP level 4. HP: 7/21 MP: 4/8
    37 | D        | Killed a scorpion
    38 | D        | Reached skill level 10 in Unarmed Combat
    38 | D        | Reached XP level 5. HP: 3/25 MP: 4/9
    44 | D        | Found a snail-covered altar of Cheibriados.
    44 | D        | Found a shadowy altar of Dithmenos.
    44 | D        | Found a white marble altar of Elyvilon.
    44 | D        | Found a blossoming altar of Fedhas.
    44 | D        | Found an opulent altar of Gozag.
    45 | D        | Found a hazy altar of Hepliaklqana.
    46 | D        | Found a viscous altar of Jiyva.
    47 | D        | Found an ancient bone altar of Kikubaaqudgha.
    48 | D        | Became a worshipper of Cheibriados the Contemplative
    49 | D        | Found a corrupted altar of Lugonu.
    50 | D        | Found a burning altar of Makhleb.
    51 | D        | Found a sparkling altar of Nemelex Xobeh.
    52 | D        | Found an iron altar of Okawaru.
    53 | D        | Found a stormy altar of Qazlal.
    54 | D        | Found a sacrificial altar of Ru.
    55 | D        | Found a shimmering blue altar of Sif Muna.
    56 | D        | Found a bloodstained altar of Trog.
    57 | D        | Found a hide-covered altar of Uskayaw.
    58 | D        | Found a radiant altar of Vehumet.
    59 | D        | Found an ornate altar of the Wu Jian Council.
    60 | D        | Found a shimmering altar of Xom.
    61 | D        | Found a basalt altar of Yredelemnul.
    62 | D        | Found a glowing silver altar of Zin.
    63 | D        | Found a glowing golden altar of the Shining One.
   104 | D        | Noticed an orc warrior
   104 | D        | Noticed a centaur
   104 | D        | Noticed a centaur
   109 | D        | Reached skill level 1 in Fighting
   109 | D        | Reached skill level 1 in Armour
   109 | D        | Reached skill level 1 in Invocations
   110 | D        | Slain by an orc warrior

Illustrated notes

Levels and vault maps discovered:
D:        linesprint [early_d, line_temple, items_1, d_10, items_2, lair_1,
          lair_end, items_3, orc_1, orc_end, items_4, d_15, swamp_1, shoals_1,
          snake_1, spider_1, d_20, vaults_1, items_5, swamp_end, shoals_end,
          snake_end, spider_end, vaults_end, d_27, items_6, zot_1, zot_end,
          crypt_end, forest_end, elf_end, slime_end, tomb_end, abyss_end,
          pan_hell_end]

Skill      XL: |  1  2  3  4  5 |
---------------+----------------+-----
Unarmed Combat | 7 8 10 | 10.2
Fighting       | 1 |  1.7
Armour         | 1 |  1.2
Dodging        | 2 |  2.1
Invocations    | 1 |  1.8
Spellcasting   | |  2.1
Transmutations | |  2.6

Action                   |  1- 3 |  4- 6 || total
-------------------------+-------+-------++-------
Melee: Unarmed           |    16 |    10 ||    26
       Headbutt          |     3 |       ||     3
       Bite              |     3 |     3 ||     6
       Kick              |     1 |       ||     1
 Cast: Beastly Appendage |     2 |       ||     2
Evoke: Wand              |       |     2 ||     2
  Use: Potion            |     2 |       ||     2
Armor: Chain mail        |       |     2 ||     2
Dodge: Dodged            |     9 |     3 ||    12

Table legend: (Time is in decaauts)
 A = Elapsed time spent in this place.
 B = Non-inter-level travel time spent in this place.
 C = Inter-level travel time spent in this place.
 D = Time resting spent in this place.
 E = Time spent auto-exploring this place.
 F = Levels seen in this place.
 G = Mean time per level.
                   A        B        C        D        E       F      G
               +--------+--------+--------+--------+--------+-----+--------+
         Total |    107 |    107 |      0 |      0 |      0 |   1 |  107.0 |
       Dungeon |    107 |    107 |      0 |      0 |      0 |   1 |  107.0 |
               +--------+--------+--------+--------+--------+-----+--------+

Top non-repeatable levels by time:
       D: 107 daAuts
